[ AOE2 MATCH · #477334747 ]
UnrankedWu vs Teutons
[ REPLAY ANALYSIS · EXTRACTED FROM THE RECORDED GAME ]
Feudal
11:06
Castle
14:45
Imperial
32:26
| APM avg | 41.4 |
| APM peak | 76 |
| eAPM avg | 20.5 |
| Villagers / military | 125 / 394 |
Focus
⚔️ 39.2% · 🌾 60.8%
Spearman ×391 · Unknown (1942) ×17 · Unknown (1974) ×9 · Mangonel ×3
Feudal
11:47
Castle
15:17
Imperial
30:45
| APM avg | 45.8 |
| APM peak | 87 |
| eAPM avg | 25.7 |
| Villagers / military | 162 / 142 |
Focus
⚔️ 37.3% · 🌾 62.7%
Hand Cannoneer ×123 · Bombard Cannon ×8 · Spearman ×4 · Trebuchet (Packed) ×4 · Mangonel ×3
Feudal
10:31
Castle
14:07
Imperial
28:00
| APM avg | 34.6 |
| APM peak | 66 |
| eAPM avg | 18.5 |
| Villagers / military | 156 / 320 |
Focus
⚔️ 38.6% · 🌾 61.4%
Knight ×257 · Scout Cavalry ×25 · Hand Cannoneer ×20 · Bombard Cannon ×14 · Monk ×3 · Trebuchet (Packed) ×1
Feudal
10:06
Castle
14:13
Imperial
36:43
| APM avg | 54.0 |
| APM peak | 89 |
| eAPM avg | 22.6 |
| Villagers / military | 132 / 98 |
Focus
⚔️ 25.2% · 🌾 74.8%
Mangudai ×74 · Scout Cavalry ×20 · Mangonel ×3 · Monk ×1
Feudal
8:53
Castle
21:49
Imperial
35:04
| APM avg | 25.8 |
| APM peak | 48 |
| eAPM avg | 15.8 |
| Villagers / military | 133 / 175 |
Focus
⚔️ 30.5% · 🌾 69.5%
Militia ×117 · Spearman ×32 · Battering Ram ×15 · Knight ×5 · Mangonel ×3 · Trebuchet (Packed) ×3
Feudal
11:26
Castle
15:02
Imperial
25:43
| APM avg | 45.3 |
| APM peak | 92 |
| eAPM avg | 22.1 |
| Villagers / military | 179 / 183 |
Focus
⚔️ 45.8% · 🌾 54.2%
Hand Cannoneer ×120 · Fire Lancer ×48 · Battering Ram ×10 · Bombard Cannon ×4 · Monk ×1
Feudal
11:24
Castle
14:56
Imperial
27:43
| APM avg | 33.9 |
| APM peak | 83 |
| eAPM avg | 24.1 |
| Villagers / military | 148 / 387 |
Focus
⚔️ 36.5% · 🌾 63.5%
Militia ×287 · Skirmisher ×80 · Armored Elephant ×8 · Trebuchet (Packed) ×7 · Archer ×2 · Ghulam ×2
Feudal
11:47
Castle
15:45
Imperial
36:08
| APM avg | 39.1 |
| APM peak | 71 |
| eAPM avg | 22.7 |
| Villagers / military | 142 / 322 |
Focus
⚔️ 31.3% · 🌾 68.7%
Skirmisher ×172 · Hand Cannoneer ×91 · Flemish Militia ×35 · Bombard Cannon ×10 · Battering Ram ×6 · Trebuchet (Packed) ×4
Match map
Initial resources + every placement click. Lines = walls · curves = elevation contours. ◆ gold · ⬟ stone · ● berries · ✦ relic · ◌ wall gap
Your base· ✓ Closed at 14:45 · 0t walls · 2 gate(s)
Cowboy's base· ✓ Closed at 15:17 · 0t walls · 3 gate(s)
4lex's base· ✓ Closed at 14:07 · 0t walls · 3 gate(s)
el_puta_rico's base· ✓ Closed at 14:13 · 0t walls · 3 gate(s)
Siefers's base· ✓ Closed at 21:49 · 4t walls · 3 gate(s)
earthshaker82's base· ✓ Closed at 15:02 · 0t walls · 3 gate(s)
Schafzuchter's base· ✓ Closed at 14:56 · 0t walls · 2 gate(s)
Shamdan's base· ✓ Closed at 15:45 · 0t walls · 2 gate(s)
Smoothed initial terrain · ◌ = detected wall gap · hover for details
Inputs per minute
— Jay_DiDi - - Cowboy
Build order — Jay_DiDi
First 150 of 510 actions detected
| 0:01 | Create | Villager (Male) |
| 0:01 | Create | Villager (Male) |
| 0:01 | Create | Villager (Male) |
| 0:02 | Build | House |
| 0:04 | Build | House |
| 0:16 | Create | Villager (Male) |
| 0:17 | Create | Villager (Male) |
| 1:48 | Build | Lumber Camp |
| 1:51 | Create | Villager (Male) |
| 1:51 | Create | Villager (Male) |
| 1:52 | Create | Villager (Male) |
| 2:40 | Create | Villager (Male) |
| 2:40 | Create | Villager (Male) |
| 2:41 | Create | Villager (Male) |
| 3:39 | Build | House |
| 3:41 | Create | Villager (Male) |
| 3:41 | Create | Villager (Male) |
| 4:06 | Build | House |
| 4:17 | Create | Villager (Male) |
| 4:17 | Create | Villager (Male) |
| 4:28 | Build | Mill |
| 4:38 | Create | Villager (Male) |
| 4:38 | Create | Villager (Male) |
| 4:41 | Build | House |
| 4:50 | Create | Villager (Male) |
| 5:39 | Create | Villager (Male) |
| 5:39 | Create | Villager (Male) |
| 6:14 | Create | Villager (Male) |
| 6:14 | Create | Villager (Male) |
| 6:50 | Create | Villager (Male) |
| 7:15 | Build | Farm |
| 7:17 | Build | Farm |
| 7:19 | Build | Farm |
| 7:22 | Build | Farm |
| 7:27 | Create | Villager (Male) |
| 7:38 | Create | Villager (Male) |
| 7:39 | Create | Villager (Male) |
| 8:33 | Research | Feudal Age |
| 8:35 | Build | Mining Camp |
| 10:29 | Create | Villager (Male) |
| 10:29 | Create | Villager (Male) |
| 11:06 | Age | Feudal Age |
| 11:08 | Build | Blacksmith |
| 11:14 | Build | Market |
| 11:19 | Build | House |
| 11:30 | Research | Double-Bit Axe |
| 12:06 | Research | Castle Age |
| 12:16 | Research | Horse Collar |
| 14:07 | Create | Villager (Male) |
| 14:07 | Create | Villager (Male) |
| 14:45 | Age | Castle Age |
| 14:56 | Build | Town Center |
| 15:03 | Build | Town Center |
| 15:05 | Create | Villager (Male) |
| 15:06 | Research | Bow Saw |
| 15:39 | Create | Villager (Male) |
| 15:43 | Build | Farm |
| 15:43 | Build | Farm |
| 15:43 | Build | Farm |
| 15:54 | Build | Farm |
| 16:15 | Create | Villager (Male) |
| 16:15 | Create | Villager (Male) |
| 16:16 | Create | Villager (Male) |
| 16:16 | Create | Villager (Male) |
| 16:32 | Build | Farm |
| 16:35 | Build | Farm |
| 16:39 | Build | Farm |
| 16:40 | Create | Villager (Male) |
| 16:40 | Create | Villager (Male) |
| 16:41 | Create | Villager (Male) |
| 16:51 | Build | Farm |
| 16:56 | Build | House |
| 17:04 | Create | Villager (Male) |
| 17:04 | Create | Villager (Male) |
| 17:06 | Build | Farm |
| 17:12 | Build | Farm |
| 17:19 | Build | Farm |
| 17:54 | Create | Villager (Male) |
| 17:54 | Create | Villager (Male) |
| 17:54 | Create | Villager (Male) |
| 17:55 | Create | Villager (Male) |
| 18:46 | Create | Villager (Male) |
| 18:46 | Create | Villager (Male) |
| 18:47 | Create | Villager (Male) |
| 18:47 | Create | Villager (Male) |
| 18:47 | Create | Villager (Male) |
| 18:53 | Build | Farm |
| 18:54 | Build | Farm |
| 18:58 | Build | House |
| 19:01 | Build | Farm |
| 19:01 | Build | Farm |
| 19:01 | Build | Farm |
| 19:01 | Build | Farm |
| 19:02 | Build | Farm |
| 19:02 | Build | Farm |
| 19:22 | Build | Barracks |
| 19:26 | Create | Villager (Male) |
| 19:26 | Create | Villager (Male) |
| 19:26 | Create | Villager (Male) |
| 19:30 | Build | House |
| 19:36 | Build | Farm |
| 19:37 | Build | Farm |
| 19:38 | Build | Farm |
| 19:39 | Build | Farm |
| 19:40 | Build | Farm |
| 19:48 | Create | Villager (Male) |
| 19:48 | Create | Villager (Male) |
| 19:59 | Build | Town Center |
| 20:34 | Build | Siege Workshop |
| 20:40 | Build | House |
| 20:46 | Build | Gate |
| 20:48 | Create | Villager (Male) |
| 20:48 | Create | Villager (Male) |
| 20:48 | Create | Villager (Male) |
| 20:48 | Create | Villager (Male) |
| 20:49 | Create | Villager (Male) |
| 20:49 | Create | Villager (Male) |
| 20:49 | Create | Villager (Male) |
| 20:54 | Build | Farm |
| 20:57 | Create | Mangonel |
| 21:05 | Build | House |
| 21:06 | Build | House |
| 21:10 | Build | House |
| 21:11 | Build | House |
| 21:12 | Build | House |
| 21:18 | Create | Villager (Male) |
| 21:18 | Create | Villager (Male) |
| 21:19 | Create | Villager (Male) |
| 21:25 | Build | House |
| 21:26 | Build | House |
| 21:30 | Create | Villager (Male) |
| 21:31 | Research | Loom |
| 21:39 | Build | House |
| 21:40 | Build | House |
| 21:51 | Create | Mangonel |
| 21:55 | Research | Wheelbarrow |
| 21:55 | Create | Villager (Male) |
| 21:56 | Create | Villager (Male) |
| 21:56 | Create | Villager (Male) |
| 22:06 | Build | House |
| 22:13 | Create | Villager (Male) |
| 22:14 | Create | Villager (Male) |
| 22:14 | Create | Villager (Male) |
| 22:30 | Build | House |
| 23:09 | Create | Mangonel |
| 23:11 | Create | Villager (Male) |
| 23:11 | Create | Villager (Male) |
| 23:11 | Create | Villager (Male) |
| 23:11 | Create | Villager (Male) |
| 23:12 | Create | Villager (Male) |
Build order — Cowboy
First 150 of 395 actions detected
| 0:01 | Create | Villager (Male) |
| 0:02 | Create | Villager (Male) |
| 0:02 | Build | House |
| 0:04 | Build | House |
| 0:21 | Create | Villager (Male) |
| 0:22 | Create | Villager (Male) |
| 0:22 | Create | Villager (Male) |
| 1:40 | Create | Villager (Male) |
| 1:48 | Build | Lumber Camp |
| 1:53 | Create | Villager (Male) |
| 2:15 | Create | Villager (Male) |
| 2:15 | Create | Villager (Male) |
| 2:37 | Create | Villager (Male) |
| 2:37 | Create | Villager (Male) |
| 2:57 | Create | Villager (Male) |
| 2:57 | Create | Villager (Male) |
| 3:19 | Create | Villager (Male) |
| 3:25 | Build | House |
| 3:27 | Build | House |
| 3:32 | Build | House |
| 3:33 | Build | House |
| 3:46 | Create | Villager (Male) |
| 4:28 | Build | Mill |
| 4:29 | Create | Villager (Male) |
| 4:29 | Create | Villager (Male) |
| 4:30 | Create | Villager (Male) |
| 4:45 | Create | Villager (Male) |
| 4:46 | Create | Villager (Male) |
| 5:15 | Create | Villager (Male) |
| 5:30 | Create | Villager (Male) |
| 5:30 | Create | Villager (Male) |
| 6:13 | Create | Villager (Male) |
| 6:42 | Create | Villager (Male) |
| 6:42 | Create | Villager (Male) |
| 6:43 | Create | Villager (Male) |
| 6:50 | Create | Villager (Male) |
| 6:51 | Create | Villager (Male) |
| 7:31 | Create | Villager (Male) |
| 7:31 | Create | Villager (Male) |
| 7:32 | Create | Villager (Male) |
| 7:33 | Create | Villager (Male) |
| 7:42 | Build | Lumber Camp |
| 8:14 | Build | Farm |
| 8:35 | Build | Farm |
| 9:14 | Build | Mining Camp |
| 9:20 | Research | Feudal Age |
| 9:47 | Build | Farm |
| 11:32 | Create | Villager (Male) |
| 11:32 | Create | Villager (Male) |
| 11:47 | Age | Feudal Age |
| 11:48 | Build | Market |
| 11:50 | Build | Blacksmith |
| 11:53 | Research | Double-Bit Axe |
| 12:20 | Research | Horse Collar |
| 12:35 | Research | Castle Age |
| 12:45 | Build | House |
| 14:08 | Build | Farm |
| 14:09 | Build | Farm |
| 14:11 | Build | Farm |
| 14:23 | Build | Farm |
| 15:17 | Age | Castle Age |
| 15:18 | Create | Villager (Male) |
| 15:20 | Build | Town Center |
| 15:29 | Build | Town Center |
| 15:33 | Create | Villager (Male) |
| 15:35 | Build | Town Center |
| 15:52 | Create | Villager (Male) |
| 15:54 | Build | Farm |
| 15:56 | Build | Farm |
| 15:56 | Create | Villager (Male) |
| 16:09 | Build | Farm |
| 16:10 | Create | Villager (Male) |
| 16:38 | Create | Villager (Male) |
| 16:38 | Create | Villager (Male) |
| 16:40 | Build | Farm |
| 16:40 | Create | Villager (Male) |
| 16:41 | Create | Villager (Male) |
| 16:48 | Build | Farm |
| 16:51 | Create | Villager (Male) |
| 16:51 | Create | Villager (Male) |
| 16:57 | Create | Villager (Male) |
| 16:57 | Create | Villager (Male) |
| 17:02 | Create | Villager (Male) |
| 17:02 | Create | Villager (Male) |
| 17:14 | Build | Farm |
| 17:25 | Create | Villager (Male) |
| 17:37 | Build | Siege Workshop |
| 17:43 | Research | Loom |
| 17:44 | Research | Town Watch |
| 18:03 | Create | Villager (Male) |
| 18:05 | Create | Villager (Male) |
| 18:11 | Create | Mangonel |
| 18:20 | Build | Stone Wall |
| 18:23 | Build | Stone Wall |
| 18:24 | Create | Villager (Male) |
| 18:26 | Create | Villager (Male) |
| 18:29 | Build | Farm |
| 18:30 | Build | Farm |
| 18:41 | Build | Farm |
| 18:45 | Build | Farm |
| 18:46 | Create | Villager (Male) |
| 18:56 | Create | Villager (Male) |
| 18:56 | Create | Villager (Male) |
| 19:05 | Build | Farm |
| 19:06 | Create | Villager (Male) |
| 19:06 | Create | Villager (Male) |
| 19:13 | Build | Farm |
| 19:20 | Create | Villager (Male) |
| 19:25 | Create | Villager (Male) |
| 20:04 | Create | Villager (Male) |
| 20:04 | Create | Villager (Male) |
| 20:05 | Create | Mangonel |
| 20:06 | Build | House |
| 20:13 | Build | Stone Wall |
| 20:28 | Create | Villager (Male) |
| 20:42 | Create | Villager (Male) |
| 20:42 | Create | Villager (Male) |
| 20:46 | Create | Villager (Male) |
| 20:46 | Create | Villager (Male) |
| 20:46 | Create | Villager (Male) |
| 20:48 | Build | House |
| 20:49 | Build | House |
| 20:52 | Create | Villager (Male) |
| 20:53 | Create | Villager (Male) |
| 20:57 | Build | Farm |
| 20:57 | Build | Farm |
| 20:57 | Build | Farm |
| 20:57 | Build | Farm |
| 20:59 | Build | House |
| 21:00 | Build | House |
| 21:00 | Create | Villager (Male) |
| 21:12 | Build | Farm |
| 21:12 | Build | Farm |
| 21:12 | Build | Farm |
| 21:12 | Build | Farm |
| 21:13 | Build | Farm |
| 21:18 | Create | Villager (Male) |
| 21:18 | Create | Villager (Male) |
| 21:28 | Create | Villager (Male) |
| 21:28 | Create | Villager (Male) |
| 21:33 | Create | Villager (Male) |
| 21:33 | Create | Villager (Male) |
| 21:47 | Build | Farm |
| 21:48 | Build | Farm |
| 21:48 | Build | Farm |
| 21:49 | Create | Villager (Male) |
| 22:01 | Build | Farm |
| 22:02 | Build | Farm |
| 22:02 | Create | Villager (Male) |
| 22:03 | Create | Villager (Male) |
Build order — 4lex
First 150 of 411 actions detected
| 0:01 | Create | Villager (Male) |
| 0:01 | Create | Villager (Male) |
| 0:03 | Build | House |
| 0:05 | Build | House |
| 0:17 | Create | Villager (Male) |
| 0:18 | Create | Villager (Male) |
| 1:24 | Create | Villager (Male) |
| 1:24 | Create | Villager (Male) |
| 1:58 | Create | Villager (Male) |
| 2:18 | Build | Lumber Camp |
| 2:30 | Create | Villager (Male) |
| 2:30 | Create | Villager (Male) |
| 2:43 | Create | Villager (Male) |
| 3:07 | Build | House |
| 3:09 | Build | House |
| 3:22 | Create | Villager (Male) |
| 3:31 | Build | House |
| 3:42 | Create | Villager (Male) |
| 4:24 | Create | Villager (Male) |
| 4:46 | Create | Villager (Male) |
| 4:53 | Create | Villager (Male) |
| 5:02 | Create | Villager (Male) |
| 5:55 | Build | Mill |
| 6:00 | Create | Villager (Male) |
| 6:01 | Create | Villager (Male) |
| 6:27 | Create | Villager (Male) |
| 6:56 | Build | Farm |
| 7:14 | Build | Farm |
| 7:23 | Create | Villager (Male) |
| 7:32 | Create | Villager (Male) |
| 7:41 | Create | Villager (Male) |
| 8:03 | Build | Mining Camp |
| 8:07 | Research | Feudal Age |
| 8:07 | Research | Feudal Age |
| 8:32 | Create | Villager (Male) |
| 8:33 | Create | Villager (Male) |
| 10:03 | Build | Farm |
| 10:31 | Age | Feudal Age |
| 10:34 | Build | Market |
| 10:38 | Build | Blacksmith |
| 10:39 | Build | House |
| 10:56 | Research | Double-Bit Axe |
| 10:56 | Research | Double-Bit Axe |
| 11:27 | Research | Castle Age |
| 11:27 | Research | Castle Age |
| 12:01 | Research | Horse Collar |
| 12:34 | Create | Villager (Male) |
| 14:07 | Age | Castle Age |
| 14:11 | Build | Town Center |
| 14:16 | Build | Town Center |
| 14:18 | Research | Bow Saw |
| 14:19 | Research | Bow Saw |
| 14:21 | Create | Villager (Male) |
| 14:38 | Create | Villager (Male) |
| 14:41 | Build | Farm |
| 14:45 | Build | Farm |
| 15:05 | Create | Villager (Male) |
| 15:07 | Build | House |
| 15:12 | Build | Farm |
| 15:22 | Create | Villager (Male) |
| 15:24 | Build | House |
| 15:31 | Create | Villager (Male) |
| 15:31 | Create | Villager (Male) |
| 15:36 | Create | Villager (Male) ×3 |
| 15:41 | Create | Villager (Male) |
| 15:46 | Build | Farm |
| 15:48 | Build | Farm |
| 15:50 | Build | Farm |
| 15:54 | Build | Farm |
| 15:57 | Build | Farm |
| 16:01 | Build | House |
| 16:05 | Create | Villager (Male) |
| 16:10 | Build | Farm |
| 16:13 | Build | Farm |
| 16:17 | Build | Farm |
| 16:22 | Create | Villager (Male) |
| 16:26 | Build | Farm |
| 16:29 | Create | Villager (Male) |
| 16:31 | Build | Farm |
| 16:36 | Build | Farm |
| 16:40 | Build | Farm |
| 16:41 | Create | Villager (Male) |
| 16:42 | Create | Villager (Male) |
| 16:45 | Build | Farm |
| 16:53 | Create | Villager (Male) |
| 17:03 | Build | Monastery |
| 17:05 | Build | House |
| 17:11 | Create | Villager (Male) |
| 17:16 | Build | Farm |
| 17:18 | Build | Farm |
| 17:25 | Create | Villager (Male) ×2 |
| 17:33 | Create | Villager (Male) |
| 17:38 | Create | Villager (Male) |
| 17:50 | Create | Villager (Male) |
| 17:55 | Build | Farm |
| 17:57 | Create | Monk |
| 18:07 | Create | Villager (Male) ×2 |
| 18:18 | Create | Villager (Male) |
| 18:21 | Create | Villager (Male) |
| 18:29 | Create | Villager (Male) |
| 18:32 | Build | Town Center |
| 18:36 | Build | Farm |
| 18:36 | Build | Farm |
| 18:37 | Build | Farm |
| 18:37 | Build | Farm |
| 18:42 | Create | Villager (Male) |
| 18:48 | Create | Villager (Male) |
| 18:53 | Build | House |
| 18:56 | Build | House |
| 19:05 | Research | Heavy Plow |
| 19:08 | Create | Villager (Male) |
| 19:16 | Build | House |
| 19:20 | Build | Farm |
| 19:24 | Create | Villager (Male) |
| 19:28 | Build | Farm |
| 19:29 | Create | Villager (Male) ×2 |
| 19:40 | Build | Mill |
| 19:41 | Create | Villager (Male) |
| 19:47 | Create | Villager (Male) ×2 |
| 19:54 | Build | Farm |
| 19:56 | Build | Farm |
| 19:56 | Create | Villager (Male) |
| 19:59 | Create | Villager (Male) ×2 |
| 20:03 | Build | House |
| 20:03 | Build | House |
| 20:05 | Create | Villager (Male) |
| 20:14 | Create | Villager (Male) |
| 20:17 | Build | Farm |
| 20:17 | Build | Farm |
| 20:17 | Build | Farm |
| 20:18 | Build | Farm |
| 20:27 | Create | Villager (Male) |
| 20:27 | Create | Villager (Male) |
| 20:31 | Create | Villager (Male) |
| 20:34 | Create | Villager (Male) |
| 20:41 | Create | Villager (Male) |
| 20:45 | Build | Mill |
| 20:47 | Build | Farm |
| 20:47 | Build | Farm |
| 20:48 | Build | Farm |
| 20:48 | Build | Farm |
| 20:48 | Build | Farm |
| 20:51 | Create | Villager (Male) |
| 21:05 | Research | Loom |
| 21:06 | Research | Wheelbarrow |
| 21:18 | Build | House |
| 21:20 | Build | House |
| 21:25 | Create | Villager (Male) |
| 21:25 | Create | Villager (Male) |
| 21:33 | Create | Villager (Male) |
Build order — el_puta_rico
First 150 of 377 actions detected
| 0:00 | Create | Villager (Male) |
| 0:00 | Create | Villager (Male) |
| 0:01 | Create | Villager (Male) |
| 0:03 | Build | House |
| 0:06 | Build | House |
| 0:53 | Create | Villager (Male) |
| 0:53 | Create | Villager (Male) |
| 1:29 | Create | Villager (Male) |
| 1:29 | Create | Villager (Male) |
| 1:49 | Build | Lumber Camp |
| 1:58 | Create | Villager (Male) |
| 1:58 | Create | Villager (Male) |
| 2:29 | Create | Villager (Male) |
| 2:29 | Create | Villager (Male) |
| 2:44 | Create | Villager (Male) |
| 2:44 | Create | Villager (Male) |
| 3:13 | Create | Villager (Male) |
| 3:42 | Create | Villager (Male) |
| 3:42 | Create | Villager (Male) |
| 3:42 | Create | Villager (Male) |
| 3:57 | Build | House |
| 4:16 | Create | Villager (Male) |
| 4:23 | Build | House |
| 4:31 | Create | Villager (Male) |
| 4:31 | Create | Villager (Male) |
| 5:32 | Create | Villager (Male) |
| 5:32 | Create | Villager (Male) |
| 5:54 | Create | Villager (Male) |
| 5:54 | Create | Villager (Male) |
| 5:56 | Build | Mill |
| 6:26 | Create | Villager (Male) |
| 7:03 | Build | Farm |
| 7:08 | Build | Farm |
| 7:33 | Research | Feudal Age |
| 7:41 | Build | Mining Camp |
| 8:13 | Create | Villager (Male) |
| 8:13 | Create | Villager (Male) |
| 10:06 | Age | Feudal Age |
| 10:08 | Build | Blacksmith |
| 10:12 | Build | Market |
| 10:49 | Build | House |
| 10:57 | Build | House |
| 11:01 | Research | Loom |
| 11:33 | Research | Castle Age |
| 11:36 | Research | Double-Bit Axe |
| 11:56 | Build | Watch Tower |
| 11:59 | Build | Mining Camp |
| 12:03 | Create | Villager (Male) |
| 12:14 | Build | Mining Camp |
| 12:36 | Create | Villager (Male) |
| 12:52 | Build | Farm |
| 13:01 | Research | Fletching |
| 14:13 | Age | Castle Age |
| 14:21 | Build | Siege Workshop |
| 15:02 | Build | Farm |
| 15:25 | Create | Villager (Male) |
| 15:51 | Create | Mangonel |
| 15:52 | Create | Villager (Male) |
| 16:09 | Create | Villager (Male) |
| 16:23 | Create | Villager (Male) |
| 16:41 | Create | Villager (Male) |
| 16:48 | Build | Town Center |
| 17:48 | Create | Villager (Male) |
| 18:17 | Create | Villager (Male) |
| 18:25 | Create | Mangonel |
| 18:25 | Create | Mangonel |
| 18:29 | Create | Villager (Male) |
| 18:54 | Create | Villager (Male) |
| 19:26 | Build | Farm |
| 19:34 | Build | Farm |
| 19:38 | Create | Villager (Male) |
| 19:39 | Create | Villager (Male) |
| 19:48 | Build | House |
| 20:48 | Create | Villager (Male) |
| 20:49 | Create | Villager (Male) |
| 20:52 | Build | Farm |
| 20:56 | Build | Farm |
| 21:04 | Build | Stone Wall |
| 21:13 | Create | Villager (Male) |
| 21:14 | Create | Villager (Male) |
| 21:20 | Create | Villager (Male) |
| 21:26 | Build | Farm |
| 21:57 | Build | Farm |
| 21:58 | Create | Villager (Male) |
| 21:58 | Create | Villager (Male) |
| 22:10 | Create | Villager (Male) |
| 22:11 | Create | Villager (Male) |
| 22:16 | Build | House |
| 22:28 | Build | Castle |
| 22:31 | Create | Villager (Male) |
| 23:01 | Create | Villager (Male) |
| 23:15 | Create | Villager (Male) |
| 23:45 | Build | Mining Camp |
| 23:47 | Build | Mill |
| 23:50 | Create | Villager (Male) |
| 24:07 | Create | Villager (Male) |
| 24:15 | Create | Villager (Male) |
| 24:16 | Create | Villager (Male) |
| 24:20 | Create | Mangudai |
| 24:21 | Create | Mangudai |
| 24:28 | Build | Outpost |
| 24:29 | Create | Villager (Male) |
| 24:40 | Create | Villager (Male) |
| 24:57 | Build | Farm |
| 24:58 | Build | Farm |
| 24:58 | Build | Farm |
| 25:00 | Research | Bow Saw |
| 25:16 | Create | Villager (Male) |
| 25:17 | Create | Villager (Male) |
| 25:23 | Create | Villager (Male) |
| 25:23 | Create | Villager (Male) |
| 25:26 | Create | Mangudai |
| 25:44 | Create | Mangudai |
| 25:45 | Create | Villager (Male) |
| 25:45 | Create | Villager (Male) |
| 25:46 | Create | Villager (Male) |
| 25:54 | Create | Villager (Male) |
| 25:55 | Create | Mangudai |
| 26:12 | Create | Villager (Male) |
| 26:14 | Create | Villager (Male) |
| 26:19 | Create | Mangudai |
| 26:26 | Create | Mangudai |
| 26:40 | Create | Villager (Male) |
| 26:42 | Create | Mangudai |
| 26:51 | Research | Bodkin Arrow |
| 26:52 | Research | Bodkin Arrow |
| 26:59 | Build | Barracks |
| 27:06 | Create | Mangudai |
| 27:28 | Create | Villager (Male) |
| 27:28 | Create | Mangudai |
| 27:30 | Create | Villager (Male) |
| 27:39 | Create | Mangudai |
| 27:45 | Research | Town Watch |
| 27:59 | Build | Monastery |
| 28:07 | Create | Mangudai |
| 28:11 | Create | Villager (Male) |
| 28:11 | Create | Villager (Male) |
| 28:13 | Research | Wheelbarrow |
| 29:29 | Create | Villager (Male) |
| 29:31 | Create | Villager (Male) |
| 29:34 | Create | Villager (Male) |
| 29:40 | Build | University |
| 29:49 | Create | Monk |
| 29:52 | Create | Mangudai |
| 29:58 | Build | House |
| 30:11 | Research | Padded Archer Armor |
| 30:16 | Build | Stable |
| 30:21 | Build | Farm |
| 30:49 | Create | Villager (Male) |
| 30:53 | Create | Mangudai |
Build order — Siefers
First 150 of 367 actions detected
| 0:01 | Create | Villager (Male) |
| 0:01 | Create | Villager (Male) |
| 0:01 | Create | Villager (Male) |
| 0:02 | Create | Villager (Male) |
| 0:03 | Build | House |
| 0:04 | Build | House |
| 1:30 | Create | Villager (Male) |
| 1:45 | Build | Lumber Camp |
| 2:01 | Create | Villager (Male) |
| 2:36 | Build | House |
| 2:38 | Create | Villager (Male) |
| 2:38 | Create | Villager (Male) |
| 3:28 | Create | Villager (Male) |
| 3:28 | Create | Villager (Male) |
| 3:52 | Create | Villager (Male) |
| 3:52 | Create | Villager (Male) |
| 4:37 | Create | Villager (Male) |
| 4:37 | Create | Villager (Male) |
| 5:12 | Create | Villager (Male) |
| 5:12 | Create | Villager (Male) |
| 5:36 | Build | Mill |
| 5:56 | Create | Villager (Male) |
| 6:00 | Research | Loom |
| 6:29 | Research | Feudal Age |
| 7:09 | Build | House |
| 7:35 | Build | Mining Camp |
| 7:58 | Build | Palisade Wall |
| 8:03 | Build | Palisade Gate |
| 8:07 | Create | Villager (Male) |
| 8:07 | Create | Villager (Male) |
| 8:53 | Age | Feudal Age |
| 8:59 | Build | Watch Tower |
| 9:26 | Create | Villager (Male) |
| 9:56 | Create | Villager (Male) |
| 10:01 | Build | House |
| 10:04 | Build | Blacksmith |
| 10:06 | Research | Double-Bit Axe |
| 10:13 | Create | Villager (Male) |
| 10:38 | Create | Villager (Male) |
| 10:50 | Build | House |
| 11:05 | Build | Watch Tower |
| 11:09 | Research | Fletching |
| 11:14 | Create | Villager (Male) |
| 11:14 | Create | Villager (Male) |
| 11:53 | Create | Villager (Male) |
| 12:16 | Create | Villager (Male) |
| 12:35 | Build | Watch Tower |
| 12:46 | Create | Villager (Male) |
| 12:52 | Build | House |
| 12:56 | Research | Horse Collar |
| 14:08 | Create | Villager (Male) |
| 14:08 | Create | Villager (Male) |
| 14:09 | Create | Villager (Male) |
| 14:09 | Create | Villager (Male) |
| 14:18 | Create | Villager (Male) |
| 14:22 | Build | Farm |
| 14:22 | Build | Farm |
| 14:23 | Build | Farm |
| 14:23 | Build | Farm |
| 14:23 | Build | Farm |
| 14:23 | Build | Farm |
| 14:24 | Build | Farm |
| 14:44 | Create | Villager (Male) |
| 15:17 | Build | Farm |
| 15:18 | Build | Farm |
| 15:53 | Create | Villager (Male) |
| 16:06 | Build | Farm |
| 16:37 | Create | Villager (Male) |
| 16:38 | Create | Villager (Male) |
| 16:45 | Build | Market |
| 17:47 | Create | Villager (Male) |
| 17:48 | Create | Villager (Male) |
| 18:02 | Build | Mining Camp |
| 18:04 | Build | Farm |
| 18:08 | Build | Farm |
| 18:08 | Build | Farm |
| 18:08 | Build | Farm |
| 18:09 | Build | Farm |
| 18:37 | Create | Villager (Male) |
| 18:37 | Create | Villager (Male) |
| 18:49 | Build | Farm |
| 19:09 | Research | Castle Age |
| 20:02 | Build | Stone Wall |
| 20:30 | Build | House |
| 20:32 | Build | House |
| 20:57 | Build | Barracks |
| 21:00 | Research | Stone Mining |
| 21:02 | Research | Gold Mining |
| 21:39 | Create | Villager (Male) |
| 21:39 | Create | Villager (Male) |
| 21:49 | Age | Castle Age |
| 21:55 | Build | Stable |
| 22:07 | Build | Town Center |
| 22:22 | Create | Villager (Male) |
| 22:28 | Research | Bow Saw |
| 22:35 | Create | Knight ×5 |
| 22:50 | Create | Villager (Male) |
| 23:20 | Research | Forging |
| 23:37 | Build | House |
| 23:39 | Build | House |
| 23:45 | Build | Stone Wall |
| 23:48 | Create | Villager (Male) |
| 23:49 | Create | Villager (Male) |
| 23:49 | Create | Villager (Male) |
| 23:49 | Create | Villager (Male) |
| 23:49 | Create | Villager (Male) |
| 23:50 | Create | Villager (Male) |
| 23:50 | Create | Villager (Male) |
| 24:04 | Build | Town Center |
| 24:19 | Build | Stone Wall |
| 24:36 | Build | Siege Workshop |
| 24:48 | Create | Villager (Male) |
| 24:49 | Create | Villager (Male) |
| 24:49 | Create | Villager (Male) |
| 25:06 | Create | Mangonel |
| 25:23 | Create | Villager (Male) |
| 25:24 | Create | Villager (Male) |
| 25:24 | Create | Villager (Male) |
| 25:24 | Create | Villager (Male) |
| 25:27 | Build | Farm |
| 25:28 | Build | Farm |
| 25:28 | Build | Farm |
| 25:28 | Build | Farm |
| 25:28 | Build | Farm |
| 25:29 | Build | Farm |
| 25:29 | Build | Farm |
| 25:37 | Create | Villager (Male) |
| 25:38 | Create | Villager (Male) |
| 25:44 | Build | Farm |
| 25:45 | Build | Farm |
| 25:52 | Build | Farm |
| 26:02 | Create | Villager (Male) |
| 26:02 | Create | Villager (Male) |
| 26:21 | Create | Villager (Male) |
| 26:21 | Create | Villager (Male) |
| 26:28 | Create | Mangonel |
| 26:47 | Build | Stone Wall |
| 26:50 | Create | Villager (Male) |
| 26:51 | Create | Villager (Male) |
| 26:51 | Create | Villager (Male) |
| 26:56 | Build | Farm |
| 26:57 | Build | Farm |
| 26:57 | Build | Farm |
| 26:58 | Build | Farm |
| 26:58 | Build | Farm |
| 27:40 | Create | Villager (Male) |
| 27:40 | Create | Villager (Male) |
| 27:40 | Create | Villager (Male) |
| 27:41 | Create | Villager (Male) |
| 27:41 | Create | Villager (Male) |
Build order — earthshaker82
First 150 of 397 actions detected
| 0:01 | Create | Villager (Male) ×4 |
| 0:02 | Build | House |
| 0:04 | Build | House |
| 1:22 | Create | Villager (Male) |
| 1:22 | Create | Villager (Male) |
| 1:55 | Build | Lumber Camp |
| 2:03 | Create | Villager (Male) |
| 2:03 | Create | Villager (Male) |
| 2:18 | Create | Villager (Male) |
| 2:48 | Create | Villager (Male) |
| 2:56 | Create | Villager (Male) |
| 2:57 | Create | Villager (Male) |
| 3:26 | Build | House |
| 3:27 | Build | House |
| 3:36 | Create | Villager (Male) |
| 3:37 | Create | Villager (Male) |
| 4:10 | Build | House |
| 4:13 | Build | House |
| 4:25 | Build | Mill |
| 4:37 | Create | Villager (Male) |
| 4:38 | Create | Villager (Male) |
| 4:38 | Create | Villager (Male) |
| 5:38 | Create | Villager (Male) |
| 5:45 | Build | Lumber Camp |
| 6:17 | Create | Villager (Male) |
| 6:17 | Create | Villager (Male) |
| 7:02 | Create | Villager (Male) |
| 7:02 | Create | Villager (Male) |
| 7:09 | Build | Farm |
| 7:10 | Build | Farm |
| 7:11 | Build | Farm |
| 7:59 | Create | Villager (Male) |
| 7:59 | Create | Villager (Male) |
| 8:36 | Create | Villager (Male) |
| 8:53 | Build | Mining Camp |
| 9:16 | Research | Feudal Age |
| 9:37 | Create | Villager (Male) |
| 10:31 | Create | Villager (Male) |
| 11:26 | Age | Feudal Age |
| 11:32 | Build | Market |
| 11:34 | Build | Blacksmith |
| 12:22 | Research | Castle Age |
| 12:53 | Research | Double-Bit Axe |
| 12:54 | Research | Horse Collar |
| 14:04 | Create | Villager (Male) |
| 14:04 | Create | Villager (Male) |
| 14:06 | Build | Farm |
| 14:07 | Build | Farm |
| 14:09 | Build | Farm |
| 14:49 | Create | Villager (Male) |
| 15:02 | Age | Castle Age |
| 15:04 | Build | Town Center |
| 15:06 | Create | Villager (Male) |
| 15:09 | Build | House |
| 15:11 | Build | Town Center |
| 15:13 | Research | Bow Saw |
| 15:20 | Build | Farm |
| 15:21 | Build | Farm |
| 15:50 | Build | House |
| 15:51 | Build | House |
| 15:55 | Create | Villager (Male) |
| 15:57 | Build | Farm |
| 16:39 | Create | Villager (Male) |
| 16:40 | Build | Farm |
| 16:41 | Build | Farm |
| 16:41 | Build | Farm |
| 16:41 | Build | Farm |
| 16:42 | Build | Farm |
| 16:49 | Create | Villager (Male) |
| 16:50 | Create | Villager (Male) |
| 16:50 | Create | Villager (Male) |
| 16:55 | Build | House |
| 16:56 | Build | House |
| 17:03 | Create | Villager (Male) |
| 17:03 | Create | Villager (Male) |
| 17:15 | Build | Farm |
| 17:26 | Create | Villager (Male) |
| 17:26 | Create | Villager (Male) |
| 17:28 | Build | Farm |
| 17:29 | Build | Farm |
| 17:30 | Build | Farm |
| 17:40 | Create | Villager (Male) |
| 17:41 | Create | Villager (Male) |
| 17:41 | Create | Villager (Male) |
| 17:45 | Build | House |
| 17:46 | Build | House |
| 17:55 | Build | Farm |
| 17:56 | Build | Farm |
| 17:57 | Create | Villager (Male) |
| 17:58 | Create | Villager (Male) |
| 17:59 | Create | Villager (Male) |
| 17:59 | Create | Villager (Male) |
| 18:04 | Build | Farm |
| 18:05 | Research | Loom |
| 18:15 | Research | Wheelbarrow |
| 18:17 | Create | Villager (Male) |
| 18:17 | Create | Villager (Male) |
| 18:20 | Build | House |
| 18:21 | Build | House |
| 18:43 | Build | Farm |
| 18:44 | Create | Villager (Male) |
| 18:44 | Create | Villager (Male) |
| 18:45 | Create | Villager (Male) |
| 18:51 | Create | Villager (Male) |
| 18:51 | Create | Villager (Male) |
| 18:59 | Build | Farm |
| 18:59 | Build | Farm |
| 19:12 | Build | Farm |
| 19:13 | Create | Villager (Male) |
| 19:15 | Build | Farm |
| 19:16 | Create | Villager (Male) |
| 19:16 | Create | Villager (Male) |
| 19:16 | Create | Villager (Male) |
| 19:28 | Create | Villager (Male) |
| 19:28 | Create | Villager (Male) |
| 19:39 | Build | House |
| 19:40 | Build | House |
| 19:47 | Create | Villager (Male) |
| 19:47 | Create | Villager (Male) |
| 19:50 | Create | Villager (Male) |
| 19:50 | Create | Villager (Male) |
| 20:03 | Create | Villager (Male) |
| 20:04 | Create | Villager (Male) |
| 20:11 | Research | Gold Mining |
| 20:28 | Create | Villager (Male) |
| 20:28 | Create | Villager (Male) |
| 20:28 | Create | Villager (Male) |
| 20:29 | Create | Villager (Male) |
| 20:38 | Build | Outpost |
| 20:42 | Research | Town Watch |
| 20:46 | Build | House |
| 20:47 | Build | House |
| 20:57 | Create | Villager (Male) |
| 20:58 | Create | Villager (Male) |
| 20:58 | Create | Villager (Male) |
| 21:11 | Build | Siege Workshop |
| 21:18 | Build | Outpost |
| 21:24 | Create | Villager (Male) |
| 21:28 | Research | Gold Shaft Mining |
| 21:36 | Build | House |
| 21:37 | Build | House |
| 21:38 | Build | House |
| 21:45 | Build | Monastery |
| 21:50 | Create | Villager (Male) |
| 22:00 | Build | Barracks |
| 22:33 | Research | Imperial Age |
| 22:37 | Build | House |
| 22:38 | Build | House |
| 22:44 | Build | Barracks |
| 22:57 | Build | Lumber Camp |
Build order — Schafzuchter
First 150 of 514 actions detected
| 0:01 | Create | Villager (Male) ×4 |
| 0:03 | Build | House |
| 0:04 | Build | House |
| 1:14 | Create | Villager (Male) |
| 1:43 | Create | Villager (Male) |
| 1:43 | Create | Villager (Male) |
| 1:51 | Build | Lumber Camp |
| 1:53 | Build | Lumber Camp |
| 2:03 | Create | Villager (Male) |
| 2:03 | Create | Villager (Male) |
| 2:48 | Create | Villager (Male) |
| 3:18 | Create | Villager (Male) |
| 3:19 | Create | Villager (Male) |
| 3:50 | Build | House |
| 3:55 | Create | Villager (Male) |
| 4:24 | Create | Villager (Male) |
| 4:48 | Create | Villager (Male) |
| 5:12 | Build | Mill |
| 5:27 | Create | Villager (Male) |
| 5:42 | Create | Villager (Male) |
| 5:59 | Build | Farm |
| 6:04 | Build | House |
| 6:11 | Create | Villager (Male) |
| 6:38 | Create | Villager (Male) |
| 6:51 | Build | Farm |
| 7:03 | Create | Villager (Male) |
| 7:14 | Build | Lumber Camp |
| 7:20 | Create | Villager (Male) |
| 7:38 | Create | Villager (Male) |
| 8:17 | Build | House |
| 8:21 | Create | Villager (Male) |
| 8:44 | Create | Villager (Male) |
| 8:48 | Build | Mining Camp |
| 9:14 | Research | Feudal Age |
| 10:09 | Build | Farm |
| 10:35 | Build | Farm |
| 11:19 | Create | Villager (Male) |
| 11:24 | Age | Feudal Age |
| 11:25 | Build | Market |
| 11:26 | Build | Blacksmith |
| 11:45 | Research | Double-Bit Axe |
| 11:48 | Create | Villager (Male) |
| 12:16 | Research | Castle Age |
| 12:33 | Research | Horse Collar |
| 14:52 | Create | Villager (Male) |
| 14:56 | Age | Castle Age |
| 15:01 | Build | Town Center |
| 15:04 | Build | Town Center |
| 15:13 | Build | Farm |
| 15:15 | Build | Farm |
| 15:20 | Create | Villager (Male) |
| 15:21 | Research | Bow Saw |
| 15:29 | Build | Town Center |
| 15:42 | Create | Villager (Male) |
| 16:05 | Create | Villager (Male) |
| 16:06 | Research | Heavy Plow |
| 16:17 | Research | Wheelbarrow |
| 16:22 | Build | House |
| 16:24 | Create | Villager (Male) |
| 16:27 | Create | Villager (Male) |
| 16:34 | Build | Farm |
| 16:48 | Create | Villager (Male) |
| 16:49 | Build | Farm |
| 16:50 | Create | Villager (Male) |
| 16:54 | Build | Farm |
| 16:55 | Create | Villager (Male) |
| 16:59 | Build | Farm |
| 17:04 | Build | Farm |
| 17:08 | Create | Villager (Male) |
| 17:08 | Create | Villager (Male) |
| 17:14 | Build | Farm |
| 17:18 | Build | Farm |
| 17:22 | Build | Farm |
| 17:24 | Create | Villager (Male) |
| 17:26 | Build | Farm |
| 17:44 | Build | House |
| 17:45 | Create | Villager (Male) |
| 17:46 | Build | Farm |
| 17:49 | Build | Farm |
| 17:54 | Build | Farm |
| 17:54 | Create | Villager (Male) |
| 18:01 | Create | Villager (Male) |
| 18:04 | Build | Farm |
| 18:09 | Create | Villager (Male) |
| 18:11 | Build | Farm |
| 18:17 | Build | Farm |
| 18:17 | Create | Villager (Male) |
| 18:18 | Create | Villager (Male) |
| 18:20 | Build | House |
| 18:21 | Build | House |
| 18:24 | Create | Villager (Male) |
| 18:29 | Create | Villager (Male) |
| 18:29 | Create | Villager (Male) |
| 18:30 | Build | Farm |
| 18:32 | Build | Farm |
| 18:34 | Create | Villager (Male) |
| 18:34 | Create | Villager (Male) |
| 18:42 | Create | Villager (Male) |
| 18:42 | Create | Villager (Male) |
| 18:48 | Build | Farm |
| 18:50 | Create | Villager (Male) |
| 18:53 | Create | Villager (Male) |
| 18:53 | Create | Villager (Male) |
| 18:57 | Build | Lumber Camp |
| 19:00 | Create | Villager (Male) |
| 19:00 | Create | Villager (Male) |
| 19:07 | Build | Farm |
| 19:09 | Create | Villager (Male) |
| 19:10 | Create | Villager (Male) |
| 19:10 | Create | Villager (Male) |
| 19:14 | Create | Villager (Male) |
| 19:23 | Build | House |
| 19:24 | Create | Villager (Male) |
| 19:28 | Create | Villager (Male) |
| 19:31 | Build | Farm |
| 19:33 | Create | Villager (Male) |
| 19:35 | Build | Farm |
| 19:37 | Build | Farm |
| 19:39 | Build | Farm |
| 19:41 | Build | Farm |
| 19:43 | Build | Farm |
| 19:43 | Create | Villager (Male) |
| 19:45 | Create | Villager (Male) |
| 19:47 | Build | Farm |
| 19:50 | Create | Villager (Male) |
| 19:51 | Build | House |
| 19:53 | Build | House |
| 20:01 | Research | Gold Mining |
| 20:02 | Create | Villager (Male) |
| 20:10 | Build | Mining Camp |
| 20:12 | Create | Villager (Male) |
| 20:12 | Create | Villager (Male) |
| 20:17 | Create | Villager (Male) |
| 20:21 | Build | Farm |
| 20:25 | Create | Villager (Male) |
| 20:35 | Research | Stone Mining |
| 20:36 | Create | Villager (Male) |
| 20:40 | Create | Villager (Male) |
| 20:44 | Build | House |
| 20:44 | Build | House |
| 20:47 | Create | Villager (Male) |
| 20:52 | Build | Farm |
| 20:58 | Create | Villager (Male) |
| 21:02 | Build | Farm |
| 21:04 | Create | Villager (Male) |
| 21:10 | Research | Hand Cart |
| 21:10 | Research | Hand Cart |
| 21:13 | Create | Villager (Male) |
| 21:13 | Create | Villager (Male) |
| 21:16 | Build | Farm |
Build order — Shamdan
First 150 of 476 actions detected
| 0:02 | Create | Villager (Male) |
| 0:04 | Build | House |
| 0:06 | Build | House |
| 0:21 | Create | Villager (Male) |
| 0:28 | Create | Villager (Male) |
| 0:28 | Create | Villager (Male) |
| 1:26 | Create | Villager (Male) |
| 1:26 | Create | Villager (Male) |
| 2:05 | Create | Villager (Male) |
| 2:10 | Build | Lumber Camp |
| 2:17 | Create | Villager (Male) |
| 2:40 | Create | Villager (Male) |
| 2:48 | Create | Villager (Male) |
| 3:29 | Build | House |
| 3:29 | Build | House |
| 3:33 | Create | Villager (Male) |
| 3:58 | Create | Villager (Male) |
| 4:18 | Create | Villager (Male) |
| 4:42 | Research | Double-Bit Axe |
| 5:00 | Create | Villager (Male) |
| 5:11 | Create | Villager (Male) |
| 5:23 | Build | Mill |
| 5:46 | Create | Villager (Male) |
| 5:57 | Create | Villager (Male) |
| 6:21 | Create | Villager (Male) |
| 7:01 | Create | Villager (Male) |
| 7:10 | Build | House |
| 7:15 | Create | Villager (Male) |
| 7:20 | Research | Horse Collar |
| 7:23 | Build | Farm |
| 7:25 | Build | Farm |
| 7:27 | Build | Farm |
| 7:35 | Build | Mining Camp |
| 7:50 | Create | Villager (Male) |
| 8:19 | Create | Villager (Male) |
| 8:32 | Research | Gold Mining |
| 8:35 | Create | Villager (Male) |
| 8:46 | Build | Farm |
| 8:53 | Create | Villager (Male) |
| 9:35 | Research | Feudal Age |
| 10:17 | Build | Barracks |
| 10:41 | Create | Villager (Male) |
| 11:20 | Build | House |
| 11:22 | Build | House |
| 11:47 | Age | Feudal Age |
| 11:56 | Build | Market |
| 12:00 | Create | Villager (Male) |
| 12:06 | Build | Blacksmith |
| 12:25 | Research | Wheelbarrow |
| 12:35 | Create | Villager (Male) |
| 13:05 | Research | Castle Age |
| 13:30 | Create | Flemish Militia |
| 13:39 | Research | Scale Mail Armor |
| 13:50 | Build | House |
| 14:08 | Create | Flemish Militia |
| 14:22 | Build | Farm |
| 14:23 | Build | Farm |
| 14:24 | Create | Villager (Male) |
| 14:35 | Create | Flemish Militia |
| 14:35 | Create | Flemish Militia |
| 14:37 | Create | Villager (Male) |
| 14:40 | Build | Farm |
| 14:48 | Create | Villager (Male) |
| 14:51 | Build | Farm |
| 15:19 | Research | Heavy Plow |
| 15:34 | Research | Bow Saw |
| 15:37 | Build | Lumber Camp |
| 15:45 | Age | Castle Age |
| 15:52 | Build | Siege Workshop |
| 16:01 | Create | Flemish Militia |
| 16:06 | Create | Villager (Male) |
| 16:29 | Create | Villager (Male) |
| 16:37 | Create | Mangonel |
| 16:37 | Create | Battering Ram |
| 16:41 | Create | Flemish Militia |
| 16:41 | Create | Flemish Militia |
| 16:43 | Build | House |
| 17:03 | Create | Flemish Militia |
| 17:03 | Create | Flemish Militia |
| 17:08 | Build | Barracks |
| 17:20 | Build | Farm |
| 17:21 | Create | Villager (Male) |
| 17:41 | Create | Flemish Militia |
| 17:41 | Create | Flemish Militia |
| 17:54 | Build | House |
| 17:56 | Create | Villager (Male) |
| 18:20 | Create | Flemish Militia |
| 18:20 | Create | Flemish Militia |
| 18:22 | Create | Battering Ram |
| 18:40 | Create | Flemish Militia |
| 18:41 | Create | Flemish Militia |
| 18:46 | Build | House |
| 18:49 | Create | Villager (Male) |
| 18:53 | Build | House |
| 18:53 | Build | House |
| 18:56 | Build | House |
| 18:58 | Create | Flemish Militia |
| 18:58 | Create | Flemish Militia |
| 19:12 | Create | Flemish Militia |
| 19:12 | Create | Flemish Militia |
| 19:14 | Create | Battering Ram |
| 19:17 | Build | House |
| 19:18 | Build | House |
| 19:30 | Create | Flemish Militia |
| 19:31 | Create | Flemish Militia |
| 20:10 | Create | Mangonel |
| 20:12 | Build | Siege Workshop |
| 20:13 | Create | Villager (Male) |
| 20:14 | Build | House |
| 20:15 | Build | House |
| 20:15 | Create | Villager (Male) |
| 20:18 | Build | Town Center |
| 20:22 | Build | Farm |
| 20:24 | Create | Flemish Militia |
| 20:24 | Create | Flemish Militia |
| 20:38 | Create | Flemish Militia |
| 20:38 | Create | Flemish Militia |
| 20:38 | Create | Flemish Militia |
| 20:59 | Create | Villager (Male) |
| 21:12 | Build | Outpost |
| 21:22 | Create | Villager (Male) |
| 21:24 | Build | House |
| 21:26 | Create | Villager (Male) |
| 21:28 | Build | Farm |
| 21:29 | Build | Farm |
| 21:30 | Build | Farm |
| 21:31 | Build | Farm |
| 21:54 | Create | Battering Ram |
| 21:58 | Research | Squires |
| 21:59 | Create | Villager (Male) |
| 22:10 | Create | Villager (Male) |
| 22:45 | Create | Flemish Militia |
| 22:45 | Create | Flemish Militia |
| 23:10 | Create | Villager (Male) |
| 23:11 | Build | Farm |
| 23:12 | Create | Villager (Male) |
| 23:32 | Create | Mangonel |
| 23:35 | Create | Villager (Male) |
| 23:38 | Create | Flemish Militia |
| 23:38 | Create | Flemish Militia |
| 23:40 | Create | Villager (Male) |
| 23:44 | Build | Outpost |
| 24:58 | Create | Battering Ram |
| 25:04 | Build | House |
| 25:11 | Research | Forging |
| 25:11 | Research | Chain Mail Armor |
| 25:12 | Research | Chain Mail Armor |
| 25:21 | Create | Villager (Male) |
| 25:22 | Create | Villager (Male) |
| 25:24 | Create | Battering Ram |
Match timeline
| 7:58 | Siefers · wall_segment Palisade Wall x3 |
| 8:53 | Siefers · age_up feudal |
| 10:06 | el_puta_rico · age_up feudal |
| 10:17 | Shamdan · first_building Barracks |
| 10:31 | 4lex · age_up feudal |
| 11:06 | Jay_DiDi · age_up feudal |
| 11:24 | Schafzuchter · age_up feudal |
| 11:26 | earthshaker82 · age_up feudal |
| 11:33 | el_puta_rico · first_market_sell 100 wood |
| 11:47 | Cowboy · age_up feudal |
| 11:47 | Shamdan · age_up feudal |
| 12:16 | Schafzuchter · first_market_sell 100 stone |
| 14:07 | 4lex · age_up castle |
| 14:13 | el_puta_rico · age_up castle |
| 14:21 | el_puta_rico · first_building Siege Workshop |
| 14:42 | Cowboy · first_market_buy 100 stone |
| 14:45 | Jay_DiDi · age_up castle |
| 14:56 | Schafzuchter · age_up castle |
| 15:02 | earthshaker82 · age_up castle |
| 15:17 | Cowboy · age_up castle |
| 15:25 | el_puta_rico · first_market_buy 100 food |
| 15:45 | Shamdan · age_up castle |
| 15:52 | Shamdan · first_building Siege Workshop |
| 16:20 | 4lex · first_market_buy 100 food |
| 17:03 | 4lex · first_building Monastery |
| 17:37 | Cowboy · first_building Siege Workshop |
| 18:20 | Cowboy · wall_segment Stone Wall x5 |
| 18:23 | Cowboy · wall_segment Stone Wall x5 |
| 18:43 | Siefers · first_market_sell 100 food |
| 19:22 | Jay_DiDi · first_building Barracks |
| 19:50 | Jay_DiDi · first_market_buy 100 stone |
| 20:02 | Siefers · wall_segment Stone Wall x1 |
| 20:13 | Cowboy · wall_segment Stone Wall x5 |
| 20:15 | earthshaker82 · first_market_buy 100 food |
| 20:34 | Jay_DiDi · first_building Siege Workshop |
| 20:57 | Siefers · first_building Barracks |
| 21:04 | el_puta_rico · wall_segment Stone Wall x1 |
| 21:11 | earthshaker82 · first_building Siege Workshop |
| 21:45 | earthshaker82 · first_building Monastery |
| 21:49 | Siefers · age_up castle |
| 21:55 | Siefers · first_building Stable |
| 22:00 | earthshaker82 · first_building Barracks |
| 22:25 | earthshaker82 · first_market_sell 100 wood |
| 22:28 | el_puta_rico · first_building Castle |
| 23:37 | Cowboy · wall_segment Stone Wall x4 |
| 23:45 | Siefers · wall_segment Stone Wall x1 |
| 23:48 | Cowboy · first_building Castle |
| 24:02 | Schafzuchter · first_building Siege Workshop |
| 24:19 | Siefers · wall_segment Stone Wall x14 |
| 24:31 | Schafzuchter · first_building Barracks |
| 24:32 | 4lex · first_building Barracks |
| 24:36 | Siefers · first_building Siege Workshop |
| 25:06 | Cowboy · first_market_sell 100 food |
| 25:17 | 4lex · first_building Stable |
| 25:38 | Schafzuchter · first_building Castle |
| 25:42 | Schafzuchter · first_building Stable |
| 25:43 | earthshaker82 · age_up imperial |
| 25:53 | Shamdan · first_market_buy 100 stone |
| 25:53 | 4lex · first_building Castle |
| 26:03 | Schafzuchter · first_building Archery Range |
| 26:47 | Siefers · wall_segment Stone Wall x4 |
| 26:59 | el_puta_rico · first_building Barracks |
| 27:06 | Cowboy · wall_segment Stone Wall x4 |
| 27:14 | 4lex · first_market_sell 100 wood |
| 27:43 | Schafzuchter · age_up imperial |
| 27:59 | el_puta_rico · first_building Monastery |
| 28:00 | 4lex · age_up imperial |
| 28:18 | Siefers · first_building Castle |
| 29:12 | Cowboy · first_building Barracks |
| 29:38 | Siefers · wall_segment Stone Wall x2 |
| 29:44 | Siefers · wall_segment Stone Wall x6 |
| 30:16 | el_puta_rico · first_building Stable |
| 30:36 | Cowboy · first_building Archery Range |
| 30:41 | earthshaker82 · first_building Archery Range |
| 30:45 | Cowboy · age_up imperial |
| 31:01 | Siefers · wall_segment Stone Wall x4 |
| 31:38 | Siefers · first_market_buy 100 food |
| 31:39 | el_puta_rico · wall_segment Stone Wall x5 |
| 32:01 | el_puta_rico · wall_segment Stone Wall x1 |
| 32:03 | 4lex · first_building Siege Workshop |
| 32:12 | el_puta_rico · wall_segment Stone Wall x3 |
| 32:16 | earthshaker82 · wall_segment Stone Wall x1 |
| 32:17 | earthshaker82 · wall_segment Stone Wall x1 |
| 32:19 | earthshaker82 · wall_segment Stone Wall x1 |
| 32:22 | Jay_DiDi · first_building Castle |
| 32:26 | Jay_DiDi · age_up imperial |
| 32:27 | el_puta_rico · wall_segment Palisade Wall x1 |
| 32:30 | el_puta_rico · wall_segment Stone Wall x1 |
| 32:31 | el_puta_rico · wall_segment Stone Wall x1 |
| 32:36 | Shamdan · first_market_sell 500 stone |
| 33:38 | earthshaker82 · first_building Castle |
| 33:38 | 4lex · tribute_sent a jugador 1 |
| 33:38 | 4lex · tribute_sent a jugador 3 |
| 33:38 | 4lex · tribute_sent a jugador 4 |
| 33:38 | 4lex · tribute_sent a jugador 5 |
| 33:38 | 4lex · tribute_sent a jugador 6 |
| 33:38 | 4lex · tribute_sent a jugador 7 |
| 33:38 | 4lex · tribute_sent a jugador 8 |
| 33:48 | el_puta_rico · wall_segment Stone Wall x6 |
| 33:52 | Shamdan · first_building Archery Range |
| 34:35 | Shamdan · wall_segment Stone Wall x15 |
| 34:42 | 4lex · first_building Archery Range |
| 34:44 | Shamdan · wall_segment Stone Wall x13 |
| 34:50 | Shamdan · wall_segment Stone Wall x4 |
| 34:54 | Shamdan · wall_segment Stone Wall x12 |
| 34:56 | Shamdan · wall_segment Stone Wall x1 |
| 35:04 | Siefers · age_up imperial |
| 35:07 | Shamdan · wall_segment Stone Wall x12 |
| 35:10 | Shamdan · wall_segment Stone Wall x11 |
| 35:27 | earthshaker82 · wall_segment Stone Wall x2 |
| 35:45 | earthshaker82 · wall_segment Stone Wall x4 |
| 35:52 | Shamdan · wall_segment Stone Wall x15 |
| 36:03 | 4lex · tribute_sent a jugador 1 |
| 36:03 | 4lex · tribute_sent a jugador 3 |
| 36:03 | 4lex · tribute_sent a jugador 4 |
| 36:03 | 4lex · tribute_sent a jugador 5 |
| 36:03 | 4lex · tribute_sent a jugador 6 |
| 36:03 | 4lex · tribute_sent a jugador 7 |
| 36:03 | 4lex · tribute_sent a jugador 8 |
| 36:08 | Shamdan · age_up imperial |
| 36:22 | Schafzuchter · wall_segment Stone Wall x1 |
| 36:23 | Schafzuchter · wall_segment Stone Wall x1 |
| 36:43 | el_puta_rico · age_up imperial |
| 36:45 | Shamdan · wall_segment Stone Wall x12 |
| 37:04 | earthshaker82 · wall_segment Stone Wall x1 |
| 37:53 | Schafzuchter · first_market_buy 100 food |
| 39:43 | el_puta_rico · first_building Archery Range |
| 40:03 | Schafzuchter · tribute_sent a jugador 1 |
| 40:03 | Schafzuchter · tribute_sent a jugador 2 |
| 40:03 | Schafzuchter · tribute_sent a jugador 3 |
| 40:03 | Schafzuchter · tribute_sent a jugador 4 |
| 40:03 | Schafzuchter · tribute_sent a jugador 5 |
| 40:03 | Schafzuchter · tribute_sent a jugador 6 |
| 40:03 | Schafzuchter · tribute_sent a jugador 8 |
| 40:43 | Jay_DiDi · wall_segment Stone Wall x5 |
| 41:15 | Schafzuchter · tribute_sent a jugador 1 |
| 41:15 | Schafzuchter · tribute_sent a jugador 2 |
| 41:15 | Schafzuchter · tribute_sent a jugador 3 |
| 41:15 | Schafzuchter · tribute_sent a jugador 4 |
| 41:15 | Schafzuchter · tribute_sent a jugador 5 |
| 41:16 | Schafzuchter · tribute_sent a jugador 6 |
| 41:16 | Schafzuchter · tribute_sent a jugador 8 |
| 41:32 | Schafzuchter · tribute_sent a jugador 1 |
| 41:32 | Schafzuchter · tribute_sent a jugador 2 |
| 41:32 | Schafzuchter · tribute_sent a jugador 3 |
| 41:32 | Schafzuchter · tribute_sent a jugador 4 |
| 41:32 | Schafzuchter · tribute_sent a jugador 5 |
| 41:32 | Schafzuchter · tribute_sent a jugador 6 |
| 41:32 | Schafzuchter · tribute_sent a jugador 8 |
| 41:41 | Schafzuchter · tribute_sent a jugador 1 |
| 41:41 | Schafzuchter · tribute_sent a jugador 2 |
| 41:41 | Schafzuchter · tribute_sent a jugador 3 |
| 41:41 | Schafzuchter · tribute_sent a jugador 4 |
| 41:41 | Schafzuchter · tribute_sent a jugador 5 |
| 41:41 | Schafzuchter · tribute_sent a jugador 6 |
| 41:41 | Schafzuchter · tribute_sent a jugador 8 |
| 41:53 | Schafzuchter · tribute_sent a jugador 1 |
| 41:53 | Schafzuchter · tribute_sent a jugador 2 |
| 41:53 | Schafzuchter · tribute_sent a jugador 3 |
| 41:53 | Schafzuchter · tribute_sent a jugador 4 |
| 41:53 | Schafzuchter · tribute_sent a jugador 5 |
| 41:53 | Schafzuchter · tribute_sent a jugador 6 |
| 41:53 | Schafzuchter · tribute_sent a jugador 8 |
| 42:36 | Shamdan · first_building Castle |
| 44:29 | earthshaker82 · tribute_sent a jugador 1 |
| 44:29 | earthshaker82 · tribute_sent a jugador 2 |
| 44:29 | earthshaker82 · tribute_sent a jugador 3 |
| 44:29 | earthshaker82 · tribute_sent a jugador 4 |
| 44:29 | earthshaker82 · tribute_sent a jugador 5 |
| 44:29 | earthshaker82 · tribute_sent a jugador 7 |
| 44:29 | earthshaker82 · tribute_sent a jugador 8 |
| 45:42 | Schafzuchter · tribute_sent a jugador 1 |
| 45:42 | Schafzuchter · tribute_sent a jugador 2 |
| 45:42 | Schafzuchter · tribute_sent a jugador 3 |
| 45:42 | Schafzuchter · tribute_sent a jugador 4 |
| 45:42 | Schafzuchter · tribute_sent a jugador 5 |
| 45:42 | Schafzuchter · tribute_sent a jugador 6 |
| 45:42 | Schafzuchter · tribute_sent a jugador 8 |
| 47:08 | Schafzuchter · tribute_sent a jugador 1 |
| 47:08 | Schafzuchter · tribute_sent a jugador 2 |
| 47:08 | Schafzuchter · tribute_sent a jugador 3 |
| 47:08 | Schafzuchter · tribute_sent a jugador 4 |
| 47:08 | Schafzuchter · tribute_sent a jugador 5 |
| 47:08 | Schafzuchter · tribute_sent a jugador 6 |
| 47:08 | Schafzuchter · tribute_sent a jugador 8 |
| 48:16 | earthshaker82 · resign |
[ AI ANALYSIS · 1 CREDIT ]
What really happened in this match?
Wolo.gg analyzes every decision: build order, eco, micro, common mistakes by bracket. Personalized analysis on WhatsApp or Discord in 30 seconds.
Civ guide
Wu
Perfil
Jugador #1941214